 Dungeon Crawl Stone Soup version 0.18-b1-16-g289874d (webtiles) character file.

92 Zhenya25pyc the Covered (level 4, 0/29 HPs)
             Began as a Gargoyle Fighter on May 2, 2016.
             Killed by nerve-wracking pain
             ... invoked by Jessica
              (13 damage)
             ... on level 2 of the Dungeon.
             The game lasted 00:01:36 (919 turns).

Zhenya25pyc the Covered (Gargoyle Fighter)           Turns: 919, Time: 00:01:37

Health: 0/29       AC: 13    Str: 21    XL:     4   Next: 60%
Magic:  4/4        EV:  7    Int:  8    God:
Gold:   72         SH:  9    Dex:  9    Spells: 0 memorised, 3 levels left

rFire  . . .     SeeInvis .     a - +0 flail
rCold  . . .     Gourm    .     b - +0 scale mail
rNeg   + . .     Faith    .     c - +0 shield
rPois  ∞         Spirit   .     (no helmet)
rElec  +         Dismiss  .     o - +2 cloak
rCorr  .         Reflect  .     (no gloves)
SustAt .         Harm     .     (no boots)
MR     .....                    (no amulet)
Stlth  ..........               (no ring)
                                (no ring)

@: slowed, very slow, not resistant to hostile enchantments, extremely
unstealthy
A: negative energy resistance 1, electricity resistance, unbreathing,
petrification resistance, rot immunity, AC +3
a: no special abilities


You were on level 2 of the Dungeon.
You were hungry.

You visited 1 branch of the dungeon, and saw 2 of its levels.

You collected 72 gold pieces.

Inventory:

Hand Weapons
 a - a +0 flail (weapon)
Armour
 b - a +0 scale mail (worn)
 c - a +0 shield (worn)
 o - a +2 cloak (worn)
Scrolls
 e - 3 scrolls of teleportation {unknown}
 i - a scroll of recharging {unknown}
 j - a scroll of amnesia {unknown}
 l - a scroll of remove curse {unknown}
Potions
 d - a potion of might
 k - a potion of berserk rage {unknown}
 n - a potion of brilliance {unknown}
Comestibles
 f - a bread ration
 g - a slice of pizza
 h - a meat ration
 m - 2 chunks of flesh


   Skills:
 + Level 3.7 Fighting
 * Level 3.5 Maces & Flails
 + Level 3.9 Armour
 - Level 0.1 Dodging
 + Level 3.7 Shields


You had 3 spell levels left.
You didn't know any spells.

Dungeon Overview and Level Annotations

Branches:
Dungeon (2/15)

Altars:

Annotations:
D:2 Jessica


Innate Abilities, Weirdness & Mutations

You are resistant to torment.
Your stone body is resilient (AC +3).
You are immune to poison.
You resist negative energy.
You are resistant to electric shocks.
You can survive without breathing.
You are immune to petrification.
You are immune to rotting.


Message History

No target in view!
No target in view!
No target in view!
No target in view!
No target in view!
No target in view!
No target in view!
You miss something.
You hear some strange, mumbled words.
Pain shoots through your body!
You hear some strange, mumbled words.
You swing at nothing.
Something hits you.
You hear some strange, mumbled words.
You swing at nothing.
You swing at nothing.
Something hits you but does no damage. You block something's attack.
You miss something. Something hits you.
You hear some strange, mumbled words.
Pain shoots through your body!
You die...

.....#...# ##..####
#.....##
..%...####.......
#.#.#............ ###
###...#.#####.)....
.... ....>...###.......
#...###.........÷......
#..)........#.<......
#@(((.......##...<
###.###.##.....#....
#....##.##.....#....
#.......##.......#..
#.....####..#.#..###
#...............####
#....###............
###########.###
#..#...#....
#...........#
##.#....#....


There were no monsters in sight!

Vanquished Creatures
  Ijyb (D:2)
  3 oozes (D:1)
  4 dart slugs (D:2)
  A worm (D:2)
  2 giant geckos
  2 ball pythons
  3 giant cockroaches
  6 goblins
  4 hobgoblins
  A quokka (D:2)
  6 bats
  2 giant newts
  7 kobolds
  3 rats
45 creatures vanquished.

Notes
Turn   | Place    | Note
--------------------------------------------------------------
     0 | D:1      | Zhenya25pyc the Gargoyle Fighter began the quest for the Orb.
     0 | D:1      | Reached XP level 1. HP: 14/14 MP: 1/1
    44 | D:1      | Reached XP level 2. HP: 16/19 MP: 2/2
   296 | D:1      | Reached XP level 3. HP: 19/23 MP: 3/3
   736 | D:2      | Reached XP level 4. HP: 28/28 MP: 4/4
   777 | D:2      | Noticed Ijyb
   802 | D:2      | Killed Ijyb
   901 | D:2      | Noticed Jessica
   919 | D:2      | Killed from afar by Jessica

Skill      XL: |  1  2  3 |
---------------+----------+-----
Maces & Flails | 3 |  3.5
Fighting       | |  3.7
Armour         | |  3.9
Dodging        | |  0.1
Shields        | |  3.7

Action                   |  1- 3 |  4- 6 || total
-------------------------+-------+-------++-------
Melee: Flail             |   107 |    59 ||   166
Armor: Scale mail        |    67 |    49 ||   116
Dodge: Dodged            |    33 |    28 ||    61
Block: Shield            |    58 |    33 ||    91
